 Seeded DCSS version 0.31-a0-544-gceb718ecc6 (webtiles) character file.

Game seed: 3826825538972431165 (custom seed)

167 innerfire43 the Ruffian (level 5, -7/40 (41) HPs)
             Began as a Gnoll Shapeshifter on Aug 15, 2023.
             Killed by divine providence
             ... invoked by an orc priest
              (12 damage)
             ... on level 3 of the Dungeon.
             The game lasted 00:02:21 (1508 turns).

innerfire43 the Ruffian (Gnoll Shapeshifter)        Turns: 1508, Time: 00:02:21

HP:   -7/40 (41)    AC:  2    Str: 16    XL:     5   Next: 48%
MP:   13/13         EV: 13    Int: 14    God:
Gold: 234           SH:  0    Dex: 12    Spells: 7/7 levels left

rFire   . . .        e - +6 Majin-Bo {spellvamp, MP+6 Int+6}
rCold   . . .        (no shield)
rNeg    . . .        a - +0 animal skin
rPois   .            (helmet currently unavailable)
rElec   .            (cloak currently unavailable)
rCorr   .            (gloves currently unavailable)
SInv    .            (boots currently unavailable)
Will    .....        (no amulet)
Stlth   ++           (no ring)
HPRegen 0.26/turn    (no ring)
MPRegen 0.13/turn

%: no passive effects
@: beast-form, lightly drained
A: beast (slay +4), fangs 1, strong nose, distributed training
a: Begin Untransformation


You were on level 3 of the Dungeon.
You were a hulking beast.
You visited 1 branch of the dungeon, and saw 3 of its levels.

You collected 234 gold pieces.

Inventory:

Hand Weapons
 e - the +6 Majin-Bo (weapon) {spellvamp, MP+6 Int+6}
   (You acquired it on level 1 of the Dungeon)

   Int+6:     It affects your intelligence (+6).
   MP+6:      It affects your magic capacity (+6).
Armour
 a - a +0 animal skin (worn)
 r - a +0 helmet
Jewellery
 q - a ring of protection from cold
Talismans
 c - a beast talisman (active)
 d - a flux talisman
Scrolls
 f - 2 scrolls of vulnerability {unknown}
 g - a scroll of amnesia {unknown}
 h - a scroll of brand weapon {unknown}
 j - 2 scrolls of identify {unknown}
 k - 3 scrolls of noise {unknown}
 o - a scroll of torment {unknown}
 s - a scroll of enchant armour {unknown}
Potions
 b - a potion of lignification
 i - 2 potions of mutation {unknown}
 l - a potion of enlightenment {unknown}
 m - 2 potions of curing {unknown}
 n - a potion of cancellation {unknown}
 p - a potion of brilliance {unknown}
 t - a potion of invisibility {unknown}


   Skills:
 + Level 3.0 Fighting
 + Level 1.5 Short Blades
 + Level 1.5 Long Blades
 + Level 1.5 Axes
 + Level 1.5 Maces & Flails
 + Level 1.5 Polearms
 + Level 1.5 Staves
 + Level 1.5 Ranged Weapons
 + Level 1.5 Throwing
 + Level 1.5 Armour
 + Level 4.8 Dodging
 + Level 1.5 Stealth
 + Level 1.5 Shields
 + Level 6.7 Unarmed Combat
 + Level 1.5 Spellcasting
 + Level 1.2 Conjurations
 + Level 1.2 Hexes
 + Level 1.2 Summonings
 + Level 1.2 Necromancy
 + Level 1.2 Translocations
 + Level 1.2 Transmutations
 + Level 1.2 Fire Magic
 + Level 1.2 Ice Magic
 + Level 1.2 Air Magic
 + Level 1.2 Earth Magic
 + Level 1.2 Poison Magic
 + Level 1.7 Invocations
 + Level 1.5 Evocations
 + Level 6.6 Shapeshifting


You had 7 spell levels left.
You didn't know any spells.
Your spell library was empty.

Dungeon Overview and Level Annotations

Branches:
Dungeon (3/15)

Altars:


Innate Abilities, Weirdness & Mutations

You are a hulking beast.
Your limbs bulge with bestial killing power. (Slay +4)
You have very sharp teeth.
Your uncanny sense of smell can sniff out nearby items.
Your experience applies equally to all skills.


Message History

The orc priest invokes the aid of Beogh against you.
Beogh smites you!
There are monsters nearby!
There are monsters nearby!
You barely miss the rat. The rat bites you but does no damage.
The orc hits you with a +0 mace.
You hit the rat but do no damage. You bite the rat.
You kill the rat!
The orc priest casts a cantrip, but nothing happens.
The orc hits you with a +0 mace!
There are monsters nearby!
You are too injured to fight recklessly!
There are monsters nearby!
You are too injured to fight recklessly!
You hit the orc but do no damage. The orc barely misses you.
The orc closely misses you.
An endoplasm comes into view.
The orc attacks as you move away! The orc barely misses you.
The orc attacks as you move away! The orc barely misses you.
The orc attacks as you move away! The orc hits you with a +0 mace.
The orc priest looks satisfied for a moment.
You thump the orc!
You kill the orc!
The orc closely misses you.
Things that are here:
a +0 mace; a +0 leather armour You closely miss the orc.
The orc hits you with a +1 flail of draining.
You feel drained.
Unknown command.
You sock the orc!
You feel better.
You kill the orc!
The orc priest calls down the wrath of Beogh upon you.
Pain shoots through your body!
* * * LOW HITPOINT WARNING * * *
The orc hits you with a +0 dagger.
* * * LOW HITPOINT WARNING * * *
The orc priest invokes the aid of Beogh against you.
Beogh smites you!
You die...

.......... #.#######
...J..... #.......##
......... ###.......
........# ####### #.###...
........# #.....#####)#....#
#.### #.....##..))#....#
...##...###...........+....#
#......Jo###.###.....#....#
#..>...o.oh..........###+##
#........###>.###....#
..........# #### #....#
###........# #....#
#........# #....# #........#
###### ####.##### #. #


You could see an orc priest, 2 orcs and an endoplasm.

Vanquished Creatures
  Jessica (D:2)
  Robin (D:2)
  3 adders (D:2)
  4 gnolls (D:3)
  A dart slug (D:1)
  2 orcs (D:3)
  4 bats
  6 endoplasms
  3 giant cockroaches (D:1)
  11 goblins
  6 hobgoblins
  2 jackals (D:2)
  3 kobolds
  A quokka (D:2)
  3 ball pythons
  A frilled lizard (D:1)
  5 rats
57 creatures vanquished.

Notes
Turn   | Place    | Note
-------+----------+-------------------------------------------
     0 | D:1      | innerfire43 the Gnoll Shapeshifter began the quest for the
                  | Orb.
     0 | D:1      | Reached XP level 1. HP: 17/17 MP: 1/1
    61 | D:1      | Identified a scroll of acquirement
    61 | D:1      | Acquired the +6 Majin-Bo {spellvamp, MP+6 Int+6}
    61 | D:1      | Found the +6 Majin-Bo {spellvamp, MP+6 Int+6}
   188 | D:1      | Reached XP level 2. HP: 23/23 MP: 2/2
   542 | D:1      | Reached XP level 3. HP: 28/28 MP: 3/3
   698 | D:2      | Noticed Jessica
   699 | D:2      | Killed Jessica
   700 | D:2      | Reached skill level 1 in Short Blades
   700 | D:2      | Reached skill level 1 in Long Blades
   700 | D:2      | Reached skill level 1 in Axes
   700 | D:2      | Reached skill level 1 in Maces & Flails
   700 | D:2      | Reached skill level 1 in Polearms
   700 | D:2      | Reached skill level 1 in Staves
   700 | D:2      | Reached skill level 1 in Ranged Weapons
   700 | D:2      | Reached skill level 1 in Throwing
   700 | D:2      | Reached skill level 1 in Armour
   700 | D:2      | Reached skill level 1 in Stealth
   700 | D:2      | Reached skill level 1 in Shields
   700 | D:2      | Reached skill level 1 in Spellcasting
   700 | D:2      | Reached skill level 1 in Invocations
   700 | D:2      | Reached skill level 1 in Evocations
   853 | D:2      | Reached XP level 4. HP: 33/34 MP: 5/5
   981 | D:2      | Noticed Robin
   988 | D:2      | Reached skill level 1 in Conjurations
   988 | D:2      | Reached skill level 1 in Hexes
   988 | D:2      | Reached skill level 1 in Summonings
   988 | D:2      | Reached skill level 1 in Necromancy
   988 | D:2      | Reached skill level 1 in Translocations
   988 | D:2      | Reached skill level 1 in Transmutations
   988 | D:2      | Reached skill level 1 in Fire Magic
   988 | D:2      | Reached skill level 1 in Ice Magic
   988 | D:2      | Reached skill level 1 in Air Magic
   988 | D:2      | Reached skill level 1 in Earth Magic
   988 | D:2      | Reached skill level 1 in Poison Magic
  1218 | D:2      | Killed Robin
  1219 | D:2      | Reached XP level 5. HP: 23/40 MP: 7/7
  1508 | D:3      | Killed from afar by an orc priest

Illustrated notes

Levels and vault maps discovered:
D:1:      roderic_crop_circles_arrival_large, layout_basic
D:2:      layout_basic, minmay_distorted, uniq_robin, uniq_jessica
D:3:      layout_basic, minivault_24, minmay_box_of_dots

Skill      XL: |  1  2  3  4  5 |
---------------+----------------+-----
Short Blades   | 1 |  1.5
Long Blades    | 1 |  1.5
Axes           | 1 |  1.5
Maces & Flails | 1 |  1.5
Polearms       | 1 |  1.5
Staves         | 1 |  1.5
Ranged Weapons | 1 |  1.5
Throwing       | 1 |  1.5
Armour         | 1 |  1.5
Stealth        | 1 |  1.5
Shields        | 1 |  1.5
Spellcasting   | 1 |  1.5
Invocations    | 1 |  1.7
Evocations     | 1 |  1.5
Conjurations   | 1 |  1.2
Hexes          | 1 |  1.2
Summonings     | 1 |  1.2
Necromancy     | 1 |  1.2
Translocations | 1 |  1.2
Transmutations | 1 |  1.2
Fire Magic     | 1 |  1.2
Ice Magic      | 1 |  1.2
Air Magic      | 1 |  1.2
Earth Magic    | 1 |  1.2
Poison Magic   | 1 |  1.2
Fighting       | 3 |  3.0
Dodging        | |  4.8
Unarmed Combat | |  6.7
Shapeshifting  | |  6.6

Action                     |  1- 3 |  4- 6 || total
---------------------------+-------+-------++-------
  Melee: Unarmed           |    12 |       ||    12
         Bo                |    31 |    47 ||    78
         Bite              |     3 |     1 ||     4
         Punch             |       |     1 ||     1
    Use: Scroll            |     1 |       ||     1
   Stab: Sleeping          |     2 |     1 ||     3
 Armour: Animal skin       |     2 |     9 ||    11
  Dodge: Dodged            |    19 |    54 ||    73
   Form: Beast             |     1 |       ||     1
         Flux              |     1 |       ||     1

Table legend: (Time is in decaauts)
 A = Elapsed time spent in this place.
 B = Non-inter-level travel time spent in this place.
 C = Inter-level travel time spent in this place.
 D = Time resting spent in this place.
 E = Time spent auto-exploring this place.
 F = Levels seen in this place.
 G = Mean time per level.
                   A        B        C        D        E       F      G
               +--------+--------+--------+--------+--------+-----+--------+
         Total |   1517 |   1517 |      0 |      0 |   1181 |   3 |  505.7 |
       Dungeon |   1517 |   1517 |      0 |      0 |   1181 |   3 |  505.7 |
               +--------+--------+--------+--------+--------+-----+--------+

Top non-repeatable levels by time:
     D:1: 796 daAuts
     D:2: 588 daAuts
     D:3: 132 daAuts
